[Event "Championnat d'Europe de Blitz"]
[Date "2024.12.09"]
[White "Dardha, Daniel"]
[Black "Djukic, Nikola"]
[WhiteElo "2639"]
[BlackElo "2493"]
[Round "11.10"]
[Result "1-0"]
[TimeControl "180+2"]

1. d4 Nf6 2.
Bg5 g6 3.
Bxf6 exf6 4.
e3 d5 5. c4 dxc4 6. Bxc4 Bd6 7. Nc3 Nd7 8. Bb3 f5 9. h4 h5 10. Qf3 Nf6 11. Nh3 O-O 12. Nf4 Kg7 13. O-O-O c6 14. Kb1 Bd7 15. Qg3 Qe7 16. Qg5 Rae8 17. Rhe1 Kh7 18. f3 b5 19. e4 fxe4 20.
fxe4 Ng4 21.
e5 Qxg5 22.
hxg5 Bf5+ 23. Bc2 Bxc2+ 24. Kxc2 Be7 25.
Ne4 Rd8 26.
Nf6+ Bxf6 27. gxf6 Rd7 28. Kc3 a5 29. Nd3 Rfd8 30. Re4 Rd5 31. Rde1 Kh6 32. a3 Kg5 33. R1e2 Nh6 34. Nf4 R5d7 35. e6 fxe6 36. Nxe6+ Kxf6 37. Nxd8 Rxd8 38.
Re6+ Kf7 39. Rxc6 Nf5 40. Re4 h4 41. Rb6 Rc8+ 42. Kd3 Rc1 43. Rxb5 Rg1 44. Rb7+ Kf6 45. Rg4 Ng3 46. Rxh4 Rxg2 47. Rb5 Nf5 48. Rh8 Rg3+ 49. Kd2 Nxd4 50. Rb6+ Ke5 51. Re8+ Kf4 52. Rf6+ Nf5 53. b4 Rxa3 54. b5 Rb3 55. b6 a4 56. Rxg6 a3 57. Ra8 Nd4 58. Ra4 Ke5 59. Rg5+ Kf6 60. Rh5 Ne6 61. Ra6 Ke7 62. Rh7+ Kd6 63. b7+ Kd5 64.
Rh5+ 1-0

[Site "Europe Echecs"]

[Event "Championnat d'Europe de Blitz"]
[Date "2024.12.09"]
[White "Quparadze, Giga"]
[Black "Kuzubov, Yuriy"]
[WhiteElo "2537"]
[BlackElo "2595"]
[Round "11.11"]
[Result "1/2-1/2"]
[TimeControl "180+2"]

1. e4 e6 2. d4 d5 3. Nd2 Nc6 4. Ngf3 Nf6 5. e5 Nd7 6. Nb3 a5 7. a4 b6 8. Bb5 Ndb8 9. Bg5 Qd7 10. O-O Ba6 11. Bxa6 Nxa6 12. Qe2 h6 13. Bd2 Be7 14. Ne1 O-O 15. f4 Nd8 16. Nf3 c5 17. c3 Nc6 18. Be3 cxd4 19. Nbxd4 Nc5 20. Nxc6 Qxc6 21. Nd4 Qc7 22. Nb5 Qb7 23. f5 exf5 24. Rxf5 Ne6 25. Raf1 Qd7 26. Bxb6 Nc5 27. Bxc5 Bxc5+ 28. Kh1 Rae8 29. h3 Re7 30. Qg4 Rfe8 31. b4 Bb6 32. Nd6 Rf8 33. Qf3 Qe6 34. Qg3 Bc7 35. bxa5 Bxd6 36. exd6 Rd7 37. Rf6 Qe2 38. Kh2 Re8 39. R1f2 Qe5 40. Qxe5 Rxe5 41. R6f4 Re6 42. Rd4 Rexd6 43. Rfd2 Ra7 44. Rxd5 Rc6 45. R2d3 Rc4 46. Rd8+ Kh7 47. R8d7 Rxa5 48. Rxf7 Rcxa4 49. Rg3 Rg5 50. Rxg5 hxg5 51. Rc7 Kg6 52. Kg3 Rf4 53. Rc6+ Kf5 54. Kh2 Re4 55. Rc5+ Kf6 56. Kg3 Rf4 57. c4 Rd4 58. Rc8 Kf5 59. c5 Rd3+ 60. Kf2 Rd2+ 61. Kf3 Rd3+ 62. Ke2 Rg3 63.
Kf2 Rc3 64.
c6 Ke6 65. Ke2 Kd6 66. Rg8 Rxc6 67. Rxg7 Rc5 68. Kf3 Ke6 69. Kg4 Kf6 70. Rg8 Rc4+ 71. Kg3 Rc3+ 72. Kh2 Ra3 73. Rc8 Kg6 74. Rc6+ Kg7 75. Kg1 Ra2 76. Re6 Rb2 77. Kf1 Kf7 78. Re2 Rb3 79.
Kf2 Kf6 80. Re3 Rb4 81. Kg3 Kf5 82. Ra3 Rc4 83. Kf3 Rb4 84. Ra5+ Kf6 85. Rd5 Rb3+ 86. Ke4 Rg3 87. Rd2 Ke6 88. Ra2 Kf6 89. Rc2 Ke6 90. Rf2 Ra3 91.
Rf8 Rg3 92.
Rf2 Ra3 93.
Kd4 Ra4+ 94.
Ke3 Ra3+ 95. Ke4 Rg3 96. Rd2 Kf6 97. Kd5 Ra3 98. Rf2+ Kg6 99. Ke4 Ra4+ 100. Kf3 Ra3+ 101. Kg4 Ra4+ 102. Kg3 Ra3+ 103. Rf3 Ra2 104. Re3 Rb2 105. Kf3 Kf5 106.
g4+ Kf6 107.
Rc3 Rh2 108.
Ke4 Re2+ 109. Re3 Ra2 110. Rf3+ Kg6 111. Rd3 Re2+ 112. Kd5 Re1 113. Kd4 Re2 114. Re3 Ra2 115. Re6+ Kf7 116. Rc6 Rh2 117. Rc3 Kf6 118. Ke4 Re2+ 119. Re3 Ra2 120. Rf3+ Kg6 121. Rd3 Re2+ 122. Kd4 Kf6 123. Rf3+ Kg6 124. Re3 Rd2+ 125. Ke5 Ra2 126. Ke6 Ra6+ 127. Ke7 Ra7+ 128. Kf8 Ra8+ 129. Re8 Ra3 130. Re6+ Kh7 131. Re7+ Kg6 132. Re6+ Kh7 133. Kf7 Rxh3 134. Kf6 Rh6+ 135. Kf5 Rxe6 136. Kxe6 Kg6 137. Ke5 1/2-1/2

[Site "Europe Echecs"]

[Event "Championnat d'Europe de Blitz"]
[Date "2024.12.09"]
[White "Georgiev, Kiril"]
[Black "Safarli, Eltaj"]
[WhiteElo "2537"]
[BlackElo "2610"]
[Round "11.12"]
[Result "0-1"]
[TimeControl "180+2"]

1. d4 Nf6 2.
c4 g6 3. Nc3 d5 4. cxd5 Nxd5 5. Nf3 Bg7 6. Na4 O-O 7. e4 Nb6 8. Be3 Nxa4 9. Qxa4 c5 10. Rd1 cxd4 11. Nxd4 Qc7 12. Nb5 Qe5 13. Be2 Nc6 14. Rd2 a6 15. Nc3 Be6 16. O-O b5 17. Qd1 Rfd8 18. f4 Qc7 19. Nd5 Bxd5 20. exd5 Na5 21. b3 Nb7 22. Bf3 Nd6 23. g3 Nf5 24. Bf2 Rac8 25. Qe2 h5 26. Rfd1 Bf6 27.
Kg2 Qa5 28.
Be4 Nd6 29. Bf3 Rc3 30. Be1 Qb6 31. Rc2 Rxc2 32. Qxc2 Nf5 33. Bf2 Qb8 34. Qe2 Rc8 35. Be4 Nd6 36. Bb1 Rc3 37. Be1 Rc5 38. f5 Nxf5 39. Bxf5 gxf5 40. Bf2 Rc3 41. Qxh5 Qe5 42. Rd2 Qe4+ 43. Kh3 Rd3 44. Rxd3 Qxd3 45. d6 Qf1# 0-1

[Site "Europe Echecs"]

[Event "Championnat d'Europe de Blitz"]
[Date "2024.12.09"]
[White "Sargissian, Gabriel"]
[Black "Boyer, Mahel"]
[WhiteElo "2628"]
[BlackElo "2526"]
[Round "11.13"]
[Result "0-1"]
[TimeControl "180+2"]

1. d4 g6 2.
Nf3 Bg7 3.
g3 c5 4. d5 d6 5. Bg2 b5 6. O-O Nf6 7. Re1 Nbd7 8. e4 O-O 9. a4 b4 10. Nbd2 a5 11. h3 Re8 12. Nc4 Ba6 13. Bf1 Nb6 14. Nxb6 Qxb6 15. Bxa6 Qxa6 16. Kg2 e6 17. Bg5 exd5 18. Bxf6 dxe4 19. Bxg7 exf3+ 20. Qxf3 Kxg7 21. Qd5 Rab8 22. b3 Rxe1 23. Rxe1 Qb7 24. Qxb7 Rxb7 25. Re8 Ra7 26. Rd8 Ra6 27. Kf3 Rc6 28. Ra8 c4 29. Rxa5 cxb3 30. cxb3 Rc3+ 31. Ke2 Rxb3 32. Rb5 Kf6 33. a5 Rb2+ 34. Ke3 Ke6 35. a6 Ra2 36. Rxb4 Ra3+ 37.
Ke2 Rxa6 38.
h4 Ra7 39. Ke3 Kd5 40. Rb8 h5 41. Rf8 Re7+ 42. Kd3 Ke5 43. Ke3 d5 44. Kd3 Kf5 45. f3 Kf6 46. Kd4 Re2 47. Kxd5 Re3 48. g4 Rxf3 49. gxh5 Rf5+ 0-1

[Site "Europe Echecs"]

[Event "Championnat d'Europe de Blitz"]
[Date "2024.12.09"]
[White "Kazakouski, Valery"]
[Black "Krallis, Christos"]
[WhiteElo "2567"]
[BlackElo "2383"]
[Round "11.14"]
[Result "1-0"]
[TimeControl "180+2"]

1. Nf3 c5 2. e4 Nc6 3. Nc3 e6 4. Bb5 Nge7 5. O-O a6 6. Be2 d5 7. exd5 Nxd5 8. d3 Be7 9. Re1 O-O 10. Bf1 Nxc3 11. bxc3 Bf6 12. Bd2 b5 13. Rb1 Bd7 14. g3 Qa5 15. c4 b4 16. Ng5 Qxa2 17. Qh5 Bxg5 18. Bxg5 Qxc2 19. Rec1 Qa2 20. Be3 Qa5 21. Ra1 Qc7 22. Qxc5 a5 23. d4 Rfc8 24. Bg2 Qa7 25. Qxa7 Rxa7 26. d5 Ra6 27. dxc6 Bxc6 28. Bxc6 Rcxc6 29. Ra4 f6 30. f4 Kf7 31. Kf2 Ra8 32. Ke2 e5 33. fxe5 fxe5 34. Kd3 Ke6 35. Rca1 Rd8+ 36. Ke2 Rxc4 37. Rxa5 Rc2+ 38. Kf3 Rf8+ 39. Ke4 Rc4+ 40. Kd3 Rc3+ 41. Ke4 Rc4+ 42. Kd3 Rc3+ 43. Kd2 Rd8+ 44. Ke2 Rc2+ 45.
Kf3 Rf8+ 46.
Kg4 Rxh2 47.
Ra6+ Kd5 48.
Re1 g6 49.
Ra5+ Kc4 50.
Rxe5 b3 51.
Bf4 b2 52.
R5e4+ Kb3 53. Re7 Ra8 54. Rb7+ Ka2 55. Be5 Ra4+ 56. Kg5 Ra5 57. Kf6 Rf2+ 58. Kg7 Rxe5 59. Rxe5 b1=Q 60. Ra5# 1-0

[Site "Europe Echecs"]

[Event "Championnat d'Europe de Blitz"]
[Date "2024.12.09"]
[White "Dragnev, Valentin"]
[Black "Fridman, Daniel"]
[WhiteElo "2563"]
[BlackElo "2571"]
[Round "11.15"]
[Result "0-1"]
[TimeControl "180+2"]

1. e4 e6 2. d4 d5 3. Bd3 dxe4 4. Bxe4 Nf6 5. Bf3 c5 6. Ne2 Nc6 7. Be3 cxd4 8. Nxd4 Ne5 9. Nc3 Be7 10. Qe2 O-O 11. O-O-O Nxf3 12. Nc6 Qe8 13. Nxe7+ Qxe7 14. gxf3 b6 15. Rhg1 Bb7 16. Bh6 Ne8 17. Rg3 f6 18. h4 Rc8 19. Kb1 Kh8 20. Bc1 Nd6 21. h5 Nf5 22. Rg4 Rcd8 23. h6 g6 24. Be3 Rxd1+ 25.
Nxd1 g5 26.
f4 Nxh6 27.
Rg1 g4 28. Bd4 Nf5 29. Bc3 Bf3 30. Qe1 h5 31. Ne3 Nxe3 32. Qxe3 h4 33. f5 Qg7 34. fxe6 h3 35. Qf4 Qg6 36. e7 Re8 37. Bxf6+ Kh7 38. b3 Qe4 39. Qg5 Qg6 40. Qf4 Kg8 41. Qe5 h2 42. Qxh2 Qxf6 43. Qg3 Rxe7 44. Qb8+ Kg7 45. Qc8 Qe6 46. Qc3+ Qf6 47. Qc4 Rf7 48. a4 a5 49. Qc8 Qd4 50. Re1 Qd7 51. Qc3+ Kg6 52. Qe3 Qf5 53. Qxb6+ Rf6 54. Qd4 Rc6 55. Rc1 Be4 56. Kb2 Qf6 57. c3 Qxd4 58. cxd4 Rxc1 59. Kxc1 Kf6 60. Kd2 Ke6 61. Kc3 Kd5 62. b4 axb4+ 63. Kxb4 Kxd4 0-1

[Site "Europe Echecs"]

[Event "Championnat d'Europe de Blitz"]
[Date "2024.12.09"]
[White "Larkin, Vladyslav"]
[Black "Ragger, Markus"]
[WhiteElo "2449"]
[BlackElo "2577"]
[Round "11.16"]
[Result "1-0"]
[TimeControl "180+2"]

1. e4 e5 2. Nf3 Nc6 3. Bb5 a6 4. Ba4 Bc5 5. c3 Nge7 6. O-O Ng6 7. d4 Ba7 8. Be3 O-O 9. Nbd2 exd4 10.
cxd4 d5 11.
e5 Nce7 12.
Rc1 c6 13.
Re1 Nf5 14.
Bc2 f6 15.
Bxf5 Bxf5 16. Qb3 Rf7 17. exf6 gxf6 18. Bh6 Qd6 19. Re3 Kh8 20. Rce1 Rg8 21. h4 Bb8 22. Re8 Qd7 23. Rxg8+ Kxg8 24. h5 Nf8 25. Nh4 Bg4 26. Qe3 Bxh5 27. Bxf8 Rxf8 28. Qh6 Be8 29. Ndf3 Qg7 30. Qxg7+ Kxg7 31. Re7+ Kg8 32. Rxb7 Bf4 33. Nf5 Bg6 34. Ne7+ Kh8 35. g3 Be4 36. Nh4 Rb8 37. Rxb8+ Bxb8 38. Nxc6 Bc7 39. f3 Bb1 40. Kf2 Bxa2 41. Nf5 Bc4 42. Nfe7 Kg7 43. Nb4 Bd6 44. Nf5+ Kf7 45. Nxd6+ Ke6 46. Nxc4 dxc4 47. Ke3 a5 48.
Nc6 a4 49.
Na5 Kd5 50.
g4 h6 51. f4 c3 52. bxc3 a3 53. Kd3 a2 54. Nb3 1-0

[Site "Europe Echecs"]

[Event "Championnat d'Europe de Blitz"]
[Date "2024.12.09"]
[White "Cvitan, Ognjen"]
[Black "Beerdsen, Thomas"]
[WhiteElo "2413"]
[BlackElo "2502"]
[Round "11.17"]
[Result "0-1"]
[TimeControl "180+2"]

1. d4 d5 2.
c4 Nc6 3. Nc3 Nf6 4. Nf3 dxc4 5. e3 Bg4 6. Bxc4 e6 7. h3 Bh5 8. g4 Bg6 9. Nh4 Bb4 10. Nxg6 hxg6 11. a3 Ba5 12. b4 Bb6 13. Bf1 e5 14. d5 Ne7 15. Bg2 Nc8 16. O-O Nd6 17. Qe2 Qd7 18. a4 a5 19. Ba3 O-O 20. bxa5 Bxa5 21. Nb5 Nxb5 22. Qxb5 Qxb5 23. axb5 Rfe8 24. d6 cxd6 25. Bxd6 e4 26.
Bc5 Re5 27.
Rfc1 Rc8 28.
Bd4 Rxc1+ 29. Rxc1 Rxb5 30. Rc8+ Kh7 31. Bxf6 gxf6 32. Bxe4 Rb2 33. Rc2 Rb4 34. Bd5 Kg7 35. Ra2 b6 36. Rc2 b5 37. Rc6 Rb1+ 38. Kg2 Rd1 39. e4 f5 40. gxf5 gxf5 41. Ra6 fxe4 42.
Bxe4 Bc3 43.
Rb6 b4 44.
Rb7 Rd2 45. Kg3 Be5+ 46. Kf3 Bc3 47. Kg3 Kf6 48. Rb5 Rd4 49. f3 Rd1 50. h4 Rg1+ 51. Kf2 Rh1 52. Kg3 Be1+ 53. Kg2 Rxh4 54. Rb7 Ke6 55. Bc2 f6 56. Bb3+ Kd6 57. Rb5 Bc3 58. Kg3 Rh1 59. f4 Rb1 60.
Bf7 Ke7 61.
Bd5 Rd1 62. Kg4 Kd6 63. Bb3 Rd4 64. Kf5 Kc6 65. Ba4 Kc7 66. Rc5+ Kb7 67. Rb5+ Ka6 68. Rb8 Bd2 69. Kxf6 Bxf4 70. Ra8+ Kb7 71. Re8 Rd3 72. Kf5 Bd6 73. Ke4 Ra3 74. Bd1 0-1

[Site "Europe Echecs"]

[Event "Championnat d'Europe de Blitz"]
[Date "2024.12.09"]
[White "Saric, Ante"]
[Black "Kilic, Eray"]
[WhiteElo "2482"]
[BlackElo "2459"]
[Round "11.18"]
[Result "0-1"]
[TimeControl "180+2"]

1. Nf3 d5 2.
e3 Nf6 3. c4 c6 4. Nc3 g6 5. d4 Bg7 6. Be2 O-O 7. O-O Nbd7 8. b3 Ne4 9. Bb2 Ndf6 10. Ne5 Nxc3 11. Bxc3 Ne4 12. Bb2 Be6 13. Rc1 Qa5 14. a3 Qd2 15. Rc2 Qxd1 16. Rxd1 Bxe5 17. dxe5 dxc4 18. Bxc4 Rfd8 19. Rd4 Bxc4 20. bxc4 c5 21. Rd5 e6 22. Rxd8+ Rxd8 23. h4 Rd1+ 24. Kh2 Rd2 25. Rxd2 Nxd2 26. Bc3 Nxc4 27. a4 b6 28. Kg3 a6 29. Kf3 b5 30. axb5 axb5 31. Ke4 b4 32. Ba1 b3 33. Kd3 b2 34. Bxb2 Nxb2+ 35. Kc3 Nd1+ [Site "Europe Echecs"]

[Event "Championnat d'Europe de Blitz"]
[Date "2024.12.09"]
[White "Hamitevici, Vladimir"]
[Black "Dvirnyy, Danyyil"]
[WhiteElo "2423"]
[BlackElo "2491"]
[Round "11.19"]
[Result "0-1"]
[TimeControl "180+2"]

1. Nf3 d5 2.
c4 c6 3. Qa4 dxc4 4. Qxc4 b5 5. Qc2 Bb7 6. d4 Nd7 7. e4 e6 8. Bd3 Ngf6 9. O-O Rc8 10. Bg5 Be7 11. Nbd2 a6 12. e5 Nd5 13. Ne4 f6 14. exf6 gxf6 15. Bh6 c5 16. Neg5 Qb6 17. Bxh7 fxg5 18. Bg7 g4 19. Qg6+ Kd8 20. Ne5 Nxe5 21. Bxe5 Rf8 22. Qxg4 c4 23. Rae1 Kd7 24. Bg7 Rf4 25. Qg6 Qc6 26. Be5 Rf5 27. Qg4 Rg5 28. Qh3 Nf4 0-1

[Site "Europe Echecs"]

[Event "Championnat d'Europe de Blitz"]
[Date "2024.12.09"]
[White "Saraci, Nderim"]
[Black "Papasimakopoulos, Alexandros"]
[WhiteElo "2431"]
[BlackElo "2379"]
[Round "11.20"]
[Result "0-1"]
[TimeControl "180+2"]

1. d4 d5 2. Nf3 e6 3. Bf4 Bd6 4. Bg3 Ne7 5. c4 Nf5 6. Nc3 c6 7. e3 Nxg3 8. hxg3 Nd7 9. Qc2 h6 10. g4 Be7 11. Bd3 dxc4 12. Bxc4 b5 13. Bd3 Bb7 14. Ne4 a6 15. g5 Rc8 16. gxh6 gxh6 17. Ne5 Nxe5 18.
dxe5 c5 19.
O-O-O Qa5 20. Kb1 Bd5 21. Nc3 Bxg2 22. Rhg1 Bf3 23. Be2 Bxe2 24. Qxe2 c4 25. Ne4 b4 26. Rd4 c3 27. Rc1 Qxe5 28. Qxa6 O-O 29. Qd3 cxb2 30. Rg1+ Kh8 31. Rh1 Rc1+ 32.
Rxc1 bxc1=Q+ 33. Kxc1 Rc8+ 34. Kb1 f5 35. Nd2 Bf6 36. Nb3 Qh2 37. Rc4 Rd8 38. Qe2 Qh1+ 39. Rc1 Qe4+ 40. Qc2 Qxc2+ 41. Rxc2 Rd1+ 42. Rc1 Rxc1+ 43. Kxc1 Be7 44. Nd4 Kg7 45. Nxe6+ Kf6 46. Nf4 Ke5 47. Ng6+ Kf6 48. Nf4 Kf7 49. Kd2 Bd6 50. Nd3 Ke6 51. Ke2 Kd5 52. Ne1 Ke4 53. f3+ Kd5 54. Kd3 h5 55. Ng2 Bg3 56. e4+ Ke5 57. exf5 h4 58. Ne3 h3 59. Kc4 Be1 60. Ng4+ Kxf5 61. Kb3 Kf4 62. Kc2 Kxf3 63. Nh2+ Kg3 64. Nf1+ Kf2 65.
Nh2 Bc3 66.
a4 Kg3 67. Nf1+ Kg2 68. Ne3 Kf3 69. Nf1 Bd4 70. a5 Kg2 71. Kd3 Ba7 72. Nd2 h2 0-1

[Site "Europe Echecs"]

[Event "Championnat d'Europe de Blitz"]
[Date "2024.12.09"]
[White "Nevednichy, Vladislav"]
[Black "Paichadze, Luka"]
[WhiteElo "2451"]
[BlackElo "2532"]
[Round "11.21"]
[Result "0-1"]
[TimeControl "180+2"]

1. e4 c6 2. d3 d5 3. Nd2 e5 4. Ngf3 Bd6 5. d4 exd4 6. Bd3 Bg4 7. exd5 Qe7+ 8. Be2 d3 9. cxd3 cxd5 10. O-O Nf6 11. h3 Bh5 12. Re1 O-O 13. Nb3 h6 14. Nfd4 Bxe2 15. Rxe2 Qd7 16. Re3 Nc6 17. Rf3 Ne5 18. Rxf6 gxf6 19. Bxh6 Rfe8 20. Be3 Ng6 21. Qf3 Re5 22. Qxf6 Rae8 23. Rf1 Bf8 24. Qf3 b6 25. Bf4 Re1 26. Be3 Rxf1+ 27. Kxf1 Bg7 28. Nf5 Bxb2 29. d4 Ba3 30. h4 Bf8 31. h5 Ne7 32. Qg3+ Kh7 33. Nd6 Nf5 34. Nxf5 Qxf5 35. Nd2 Bh6 36. Kg1 Bxe3 37. fxe3 Qd3 38. Nf1 Rg8 39. Qf4 f5 40. h6 Qe4 41. Qc7+ Kxh6 42.
Qd6+ Rg6 43. Qh2+ Kg7 44. Qc7+ Kf8 45. Qd8+ Kf7 46. Qd7+ Kg8 47. Qd8+ Kg7 48. Qd7+ Kh6 49. g3 Qe6 50. Qd8 Qf6 51. Qc8 f4 52. Qh3+ Kg7 53. Qd7+ Qf7 54. Qxf7+ Kxf7 55. exf4 Rc6 56. Ne3 Rc1+ 57. Kf2 Ra1 58. Nxd5 Rxa2+ 59. Kf3 b5 60. g4 a5 61. Ke3 b4 62. Kd3 Rg2 63. g5 b3 64. Nc3 b2 65. Nb1 Ke6 66. Kc3 Kd5 67. g6 Rxg6 68. Kxb2 Rb6+ 69. Ka2 Kxd4 70. Nd2 Kc3 71. Ne4+ Kb4 72. f5 Rb5 73. f6 Rf5 74. Kb2 a4 75. Ka2 Rf4 76. Nd6 0-1

[Site "Europe Echecs"]

[Event "Championnat d'Europe de Blitz"]
[Date "2024.12.09"]
[White "Bernadskiy, Vitaliy"]
[Black "Ghimpu, Samuel-Timotei"]
[WhiteElo "2546"]
[BlackElo "2475"]
[Round "11.22"]
[Result "1-0"]
[TimeControl "180+2"]

1. Nf3 d5 2. d3 Nf6 3. g3 e6 4. Bg2 b5 5. O-O Bb7 6. c4 c6 7. Qc2 Nbd7 8. b3 Bd6 9. Bb2 e5 10. Nh4 O-O 11. Nf5 Bc7 12. Ba3 Re8 13. Nd6 Bxd6 14. Bxd6 c5 15. b4 Qb6 16. bxc5 Nxc5 17.
Bxc5 Qxc5 18. Nd2 e4 19. Nb3 Qb4 20. cxb5 Rac8 21. Qd2 Qxb5 22. Rab1 Qd7 23. Qa5 Qc7 24. Qxa7 Ra8 25. Qc5 Qd8 26. Nd4 Ba6 27. dxe4 Nxe4 28. Bxe4 dxe4 29. Rfd1 Qf6 30. Rb6 Qe5 31. Qxe5 Rxe5 32. Nc6 Ree8 33. Rd2 h6 34. a4 e3 35. fxe3 Rxe3 36. Kf2 Ra3 37. a5 Bc4 38. Rdb2 Be6 39. Rb8+ Rxb8 40. Rxb8+ Kh7 41. Rb6 Bd5 42. a6 Bc4 43. Nb4 Rb3 44. a7 Bd5 45. Nxd5 1-0

[Site "Europe Echecs"]

[Event "Championnat d'Europe de Blitz"]
[Date "2024.12.09"]
[White "Pancevski, Filip"]
[Black "Danov, Lyubomir"]
[WhiteElo "2420"]
[BlackElo "2297"]
[Round "11.23"]
[Result "1-0"]
[TimeControl "180+2"]

1. e4 c6 2.
d4 d5 3. e5 Bf5 4. Nd2 e6 5. Nb3 Nd7 6. Nf3 a6 7. Be2 h6 8. O-O Ne7 9. a4 Nc8 10. a5 Be7 11. Ne1 O-O 12. Bd3 Bxd3 13. Nxd3 f6 14. Qg4 fxe5 15. Qxe6+ Kh8 16. dxe5 Na7 17. Bxh6 gxh6 18. Qxh6+ Kg8 19. Qg6+ Kh8 20. Qh6+ Kg8 21. Ra4 Bf6 22. Rg4+ Kf7 23. exf6 Nxf6 24. Rg7+ 1-0

[Site "Europe Echecs"]

[Event "Championnat d'Europe de Blitz"]
[Date "2024.12.09"]
[White "Bulmaga, Irina"]
[Black "Gavrilescu, David"]
[WhiteElo "2386"]
[BlackElo "2549"]
[Round "11.24"]
[Result "0-1"]
[TimeControl "180+2"]

1. e4 c5 2. c3 d5 3. exd5 Nf6 4. Bb5+ Nbd7 5. c4 a6 6. Bxd7+ Bxd7 7. Nc3 e6 8. Qe2 Be7 9. dxe6 Bxe6 10. d3 O-O 11. Nf3 Bf5 12. Ne4 b5 13. Ne5 Re8 14. Nc6 Qc7 15. Nxe7+ Qxe7 16. O-O bxc4 17. Qf3 cxd3 18. Nxf6+ Qxf6 19. Be3 c4 20. Rac1 Rac8 21. Rc3 Qg6 22. Qg3 Qxg3 23. hxg3 Bg4 24. Rfc1 Rxe3 25. fxe3 d2 26. Rf1 d1=Q 27. Rxd1 Bxd1 28. b3 Be2 29. Kf2 Bd3 30. bxc4 Bxc4 31. e4 f6 32. Ke3 Be6 33. Ra3 Rc2 34. Rxa6 Bxa2 35. Kf3 Kf7 36. Ra7+ Kg6 37. Ra5 h5 38. e5 Bc4 39. exf6 gxf6 40. Ra7 Bd5+ 41. Kf4 Rf2+ 42. Ke3 Rxg2 43. Ra5 Rxg3+ 44. Kf2 Rg5 0-1

[Site "Europe Echecs"]

[Event "Championnat d'Europe de Blitz"]
[Date "2024.12.09"]
[White "Vuckovic, Zarko"]
[Black "Navara, David"]
[WhiteElo "2334"]
[BlackElo "2665"]
[Round "11.25"]
[Result "0-1"]
[TimeControl "180+2"]

1. e4 c6 2. Nf3 d5 3. d3 g6 4. e5 f6 5. exf6 exf6 6. d4 Ne7 7. h3 Bg7 8. Be2 O-O 9. O-O Re8 10. Re1 Be6 11. a4 a5 12. Ra3 Nf5 13. Bf4 Na6 14. Bd3 Nb4 15. Bf1 Qd7 16. Nbd2 g5 17. Bh2 h5 18. c3 Na6 19. Kh1 Re7 20. Ra1 Rae8 21. Bd3 Nh6 22. Nb3 Bf5 23. Bxa6 bxa6 24. Nc5 Rxe1+ 25. Nxe1 Qf7 26. Nc2 Bc8 27. Qd2 g4 28. Bf4 gxh3 29. gxh3 Nf5 30. Rg1 Kh8 31. Bg3 h4 32. Bf4 Qh5 33. Rg4 Nh6 34. f3 Nxg4 35. hxg4 Qg6 36. Qf2 Kg8 37. Ne3 Kf7 38. Kg2 Bh6 39. Bxh6 Qxh6 40. f4 Rg8 41. Kh3 Qg6 42. Ng2 Qxg4+ 0-1

[Site "Europe Echecs"]

[Event "Championnat d'Europe de Blitz"]
[Date "2024.12.09"]
[White "Redzisz, Michal"]
[Black "Pultinevicius, Paulius"]
[WhiteElo "2263"]
[BlackElo "2579"]
[Round "11.26"]
[Result "0-1"]
[TimeControl "180+2"]

1. e4 c5 2. Nf3 e6 3. d4 cxd4 4. Nxd4 Nc6 5. Nc3 d6 6. Be3 Nf6 7. Qe2 Be7 8. O-O-O Bd7 9. g4 Nxd4 10. Bxd4 e5 11. g5 exd4 12. gxf6 dxc3 13. fxe7 Qxe7 14. Qd3 cxb2+ 15. Kb1 Bc6 16. Qc3 Qe5 17. Rd4 O-O 18. Bh3 f5 19. Rg1 fxe4 20. Qb3+ d5 21. Bg2 Qxd4 0-1

[Site "Europe Echecs"]

[Event "Championnat d'Europe de Blitz"]
[Date "2024.12.09"]
[White "Van Foreest, Lucas"]
[Black "Trushko, Andrii"]
[WhiteElo "2520"]
[BlackElo "2143"]
[Round "11.27"]
[Result "1-0"]
[TimeControl "180+2"]

1. e4 c6 2. d3 d5 3. Nd2 e5 4. Ngf3 Bd6 5. d4 exd4 6. Bd3 Ne7 7. O-O O-O 8. Nxd4 Bc7 9. N4f3 Nd7 10. Re1 Re8 11. b3 Nc5 12. Bb2 dxe4 13. Bxe4 Nxe4 14. Nxe4 Bg4 15. Qd4 Qxd4 16. Nxd4 Rad8 17. h3 Bc8 18. Rad1 Ng6 19. Nc5 Nf4 20. h4 h6 21. g3 Nd5 22. Kg2 Bb6 23. Na4 Bc7 24. c4 Nb4 25. Rxe8+ Rxe8 26. Nc3 Na6 27. Nf3 Nc5 28. Ba3 Ne6 29. Ne4 Rd8 30. Rxd8+ Nxd8 31. Bd6 Bb6 32. c5 Ba5 33. a3 Ne6 34. b4 Bd8 35. Be5 Bd7 36. Bc3 Nc7 37. Nd6 Nb5 38. Be5 Nxd6 39. Bxd6 f6 40. Nd2 Be6 41. Kf3 Kf7 42. Nf1 Bd5+ 43. Ke3 h5 44. Kd4 Be6 45. Ne3 g5 46. Bb8 a6 47. Ke4 gxh4 48. gxh4 f5+ 49. Nxf5 Bxf5+ 50. Kxf5 Bxh4 51. Bg3 Bf6 52. Be5 Bd8 53. f3 Bh4 54. Bb2 Be7 55. Bc3 a5 56. bxa5 Bxc5 57. Kg5 Bxa3 58. Kxh5 Be7 59. f4 Bf6 60. Bxf6 Kxf6 61. Kg4 c5 62. Kf3 Kf5 63. Ke3 Ke6 64. Kd3 Kd5 65. Kc3 b5 66. axb6 1-0

[Site "Europe Echecs"]

[Event "Championnat d'Europe de Blitz"]
[Date "2024.12.09"]
[White "Mastrovasilis, Dimitrios"]
[Black "Aizenberg, Benny"]
[WhiteElo "2537"]
[BlackElo "2425"]
[Round "11.28"]
[Result "1-0"]
[TimeControl "180+2"]

1. e4 c5 2. Nf3 e6 3. c4 Nc6 4. d4 cxd4 5. Nxd4 Nf6 6. Nc3 Bb4 7. Nxc6 bxc6 8. Bd3 e5 9. O-O O-O 10. Be3 Bxc3 11. bxc3 d6 12. Qa4 Qc7 13. Rab1 Be6 14. Rb3 Nd7 15. Rfb1 Nb6 16. Qa5 c5 17. h3 Qc6 18. Qa6 Qa4 19. Ra3 Qxa6 20. Rxa6 f6 21. a4 Bc8 22. Rbxb6 Bxa6 23. Rxa6 Rfd8 24.
Be2 g6 25.
Kf1 Rab8 26.
g3 Rb7 27.
Rc6 Kf7 28.
h4 Ke7 29.
Bg4 Rf8 30.
Bc8 Rb8 31.
Ba6 Kd7 32.
Bb5 Ke6 33. Rc7 Rf7 34. Rxf7 Kxf7 35. a5 Ke6 36. a6 Ke7 37. Kg2 h5 38. f3 Rh8 39. Kh3 Kf7 40. g4 Ke7 41. Bc6 Rb8 42. Bb7 Rh8 43. f4 Rg8 44. fxe5 fxe5 45. Kg3 Rf8 46. Bg5+ Kd7 47. Bd5 Rf1 48. Kg2 Rf8 49. Kg3 Rf1 50. Bg8 Rg1+ 51. Kf3 hxg4+ 52. Kf2 Rh1 53. Bh7 Rh3 54. Bxg6 Rxc3 55. h5 Rxc4 56. h6 Rc3 57. h7 Rh3 58. Bf5+ Kc6 59. Bf6 c4 60. h8=Q Rxh8 61. Bxh8 c3 62. Ke2 g3 63. Bh3 Kb5 64.
Kd3 Kb4 65. Kc2 Kc4 66. Bf6 Kd4 67. Bg2 Ke3 68.
Be7 Kf2 69.
Bh3 Kf3 70. Bxd6 Kxe4 71. Bb8 Kd5 72. Bxa7 Kc6 73. Bg1 Kc7 74. Bg2 1-0

[Site "Europe Echecs"]

[Event "Championnat d'Europe de Blitz"]
[Date "2024.12.09"]
[White "Kozul, Zdenko"]
[Black "Narva, Mai"]
[WhiteElo "2519"]
[BlackElo "2413"]
[Round "11.29"]
[Result "1-0"]
[TimeControl "180+2"]

1. d4 Nf6 2.
c4 g6 3. Nc3 Bg7 4. e4 d6 5. h3 O-O 6. Be3 Nc6 7. d5 Ne5 8. Qd2 c6 9. Be2 cxd5 10. exd5 b6 11. Nf3 Nxf3+ 12. Bxf3 Nd7 13. O-O Ba6 14. b3 Rc8 15. Rac1 Nc5 16. Rfe1 Qc7 17. Bd4 Bxd4 18. Qxd4 Rfe8 19. Re3 Nd7 20. Rce1 Nf6 21. g4 h6 22. h4 Kh7 23. g5 Ng8 24. Qf4 Kg7 25. h5 hxg5 26. Qxg5 Nf6 27. hxg6 fxg6 28. Ne4 Nxe4 29. Bxe4 Rg8 30. Rg3 Kf8 31. Bxg6 e5 32. Qf6+ 1-0

[Site "Europe Echecs"]

[Event "Championnat d'Europe de Blitz"]
[Date "2024.12.09"]
[White "Kalezic, Blazo"]
[Black "Zhukovskyi, Myhaylo"]
[WhiteElo "2382"]
[BlackElo "2189"]
[Round "11.30"]
[Result "1-0"]
[TimeControl "180+2"]

1. e4 c5 2. Nf3 g6 3. c3 d5 4. exd5 Qxd5 5. d4 Bg7 6. Be3 cxd4 7. cxd4 Nf6 8. Nc3 Qd8 9. h3 O-O 10. Bc4 Nbd7 11. O-O Nb6 12. Bb3 Nbd5 13. Qd2 Re8 14. Bh6 Bh8 15. Rfe1 b6 16. Ne5 Bb7 17. Qg5 e6 18. Ba4 Re7 19. Qh4 Nxc3 20. bxc3 Nd5 21. Rac1 Bf6 22. Qg3 Rc8 23. c4 Nb4 24. Rcd1 a6 25. Bb3 Nc6 26. Ng4 Bg7 27. Bg5 Nxd4 28. Qh4 Rcc7 29. Nf6+ Bxf6 30. Bxf6 Rcd7 31.
Rxd4 Rxd4 32. Bxd4 e5 33. Rxe5 1-0

[Site "Europe Echecs"]

[Event "Championnat d'Europe de Blitz"]
[Date "2024.12.09"]
[White "Nikolovski, Nikola"]
[Black "Samunenkov, Ihor"]
[WhiteElo "2407"]
[BlackElo "2543"]
[Round "11.31"]
[Result "0-1"]
[TimeControl "180+2"]

1. f4 d5 2.
Nf3 Nf6 3.
e3 g6 4. Be2 Bg7 5. O-O O-O 6. d3 c5 7. Qe1 Nc6 8. Qh4 Bf5 9. Nbd2 Re8 10. Ne5 Nxe5 11.
fxe5 Nd7 12.
g4 Be6 13.
d4 cxd4 14.
exd4 Qb6 15.
Qf2 f6 16.
exf6 Nxf6 17. c3 Bxg4 18. Bxg4 Nxg4 19. Qh4 Ne3 20. Rf2 e5 21. dxe5 Nd1 22. Nf3 Rf8 23. Qd4 Nxf2 24. Kxf2 Bxe5 25.
Qxb6 axb6 26. Kg2 Bg7 27. Be3 Rae8 28. Kf2 Rf5 29. Rg1 b5 30. a3 Ref8 31. Rg3 Be5 32. Rh3 g5 0-1

[Site "Europe Echecs"]

[Event "Championnat d'Europe de Blitz"]
[Date "2024.12.09"]
[White "Grigoriants, Sergey"]
[Black "Nikolaev, Georgi"]
[WhiteElo "2542"]
[BlackElo "2032"]
[Round "11.32"]
[Result "1-0"]
[TimeControl "180+2"]

1. e4 e5 2. Nf3 Nc6 3. Bb5 a6 4. Ba4 Nf6 5. O-O b5 6. Bb3 Bc5 7. Nc3 d6 8. Nd5 Rb8 9. c3 Nxd5 10. Bxd5 Ne7 11. Bb3 O-O 12. d4 exd4 13.
cxd4 Bb6 14.
h3 c5 15.
Bf4 c4 16.
Bc2 Ng6 17.
Bg3 Bb7 18.
Re1 Re8 19.
b3 Rc8 20.
bxc4 Rxc4 21. Bb3 Rc7 22. Qd3 Rce7 23. Nd2 Ba5 24. f3 Bb6 25. Kh2 Rc7 26. a4 Qf6 27. axb5 Bxd4 28. e5 Bxe5 29. Bxe5 Nxe5 30. bxa6 Ba8 31. Qb5 Rec8 32. Ne4 Qf4+ 33. Kh1 Bxe4 34. Rxe4 Qd2 35. Qd5 h6 36. Qxd2 1-0

[Site "Europe Echecs"]